 Dungeon Crawl Stone Soup version 0.20-a0-689-g860b9ab (webtiles) character file.

128 graki42 the Magician (level 4, -1/24 HPs)
             Began as a Deep Elf Fire Elementalist on Feb 19, 2017.
             Slain by an adder (3 damage)
             ... on level 3 of the Dungeon.
             The game lasted 00:05:08 (1602 turns).

graki42 the Magician (Deep Elf Fire Elementalist)   Turns: 1602, Time: 00:05:09

Health: -1/24      AC:  5    Str:  6    XL:     4   Next: 86%
Magic:  7/12       EV: 13    Int: 20    God:
Gold:   31         SH:  0    Dex: 15    Spells: 4/11 levels left

rFire    . . .     SeeInvis .   (no weapon)
rCold    . . .     Gourm    .   a - +0 robe
rNeg     . . .     Faith    .   (no shield)
rPois    .         Spirit   .   i - +0 helmet (curse)
rElec    .         Reflect  .   (no cloak)
rCorr    .         Harm     .   j - +1 pair of gloves
MR       .....                  (no boots)
Stlth    ++........             (no amulet)
Regen    0.1/turn               (no ring)
MPRegen  0.2/turn               (no ring)

@: lethally poisoned (-1 -> -5), hasted, very quick
A: no striking features
a: no special abilities


You were on level 3 of the Dungeon.
You were not hungry.

You visited 1 branch of the dungeon, and saw 3 of its levels.

You collected 31 gold pieces.

Inventory:

Armour
 a - a +0 robe (worn)
 i - a cursed +0 helmet (worn)
 j - a +1 pair of gloves (worn)
Scrolls
 d - a scroll of random uselessness {unknown}
 e - a scroll of enchant weapon {unknown}
 g - a scroll of identify {unknown}
Books
 b - a book of Flames

   Spells                             Type                      Level
   a - Flame Tongue                   Conjuration/Fire             1
   b - Throw Flame                    Conjuration/Fire             2
   c - Conjure Flame                  Conjuration/Fire             3
   d - Inner Flame                    Hexes/Fire                   3
   e - Sticky Flame                   Conjuration/Fire             4
   f - Fireball                       Conjuration/Fire             5
Comestibles
 c - 2 bread rations
 h - 3 fruits


   Skills:
 + Level 0.1 Fighting
 + Level 2.6 Dodging
 + Level 3.1 Stealth
 + Level 4.4 Spellcasting
 + Level 2.6 Conjurations
 + Level 4.4 Fire Magic


You had 4 spell levels left.
You knew the following spells:

 Your Spells              Type           Power        Failure   Level  Hunger
a - Flame Tongue          Conj/Fire      ###..        2%          1    None
b - Conjure Flame         Conj/Fire      ###.....     10%         3    ###....
c - Inner Flame           Hex/Fire       ##......     17%         3    ###....


Dungeon Overview and Level Annotations

Branches:
Dungeon (3/15)

Altars:

Annotations:
D:2 Sigmund


Message History

Aiming: Flame Tongue
Press: ? - help, Shift-Dir - straight line, f/p - adder
Aim: an adder The flame tongue misses the adder.
The adder bites you.
* * * LOW HITPOINT WARNING * * *
Casting: Flame Tongue
Confirm with . or Enter, or press ? or * to list all spells.
Aiming: Flame Tongue
Press: ? - help, Shift-Dir - straight line, f/p - adder
Aim: an adder The flame tongue hits the adder.
The adder is severely wounded.
The adder bites you.
* * * LOW HITPOINT WARNING * * *
You are lethally poisoned!
The adder poisons you!
It was a potion of haste.
You feel yourself speed up.
* * * LOW HITPOINT WARNING * * *
You feel sick. The adder bites you.
You die...

### ... ###.####
#......## ..<.(..
####.##.###
..........########
####
#####.S.#........#
....
#...).@.#..#####.#
.... #.###...#..#
#.# ... #...#..#
#.# ..
#...#..#####.######
#...>..............
#.#................
#.....######......#
#...#.# #......#
#..##.# #..)...#


You could see an adder.

Vanquished Creatures
  Jessica (D:3)
  Ijyb (D:2)
  A worker ant (D:3)
  An adder (D:3)
  2 oozes (D:1)
  A worm (D:1)
  A leopard gecko (D:3)
  An orc (D:3)
  A ball python (D:1)
  5 bats
  A giant cockroach (D:1)
  A hobgoblin (D:1)
  3 kobolds (D:1)
  3 frilled lizards (D:1)
  6 goblins
  8 rats
37 creatures vanquished.

Notes
Turn   | Place    | Note
-------+----------+-------------------------------------------
     0 | D:1      | graki42 the Deep Elf Fire Elementalist began the quest for the Orb.
     0 | D:1      | Reached XP level 1. HP: 10/10 MP: 6/6
   128 | D:1      | Reached XP level 2. HP: 14/15 MP: 5/8
   727 | D:1      | Reached XP level 3. HP: 19/19 MP: 7/9
   826 | D:1      | Learned a level 3 spell: Conjure Flame
   830 | D:1      | Learned a level 3 spell: Inner Flame
   972 | D:2      | Noticed Ijyb
   980 | D:2      | Killed Ijyb
  1035 | D:2      | Noticed Sigmund
  1195 | D:3      | Reached XP level 4. HP: 15/24 MP: 3/12
  1593 | D:3      | Noticed Jessica
  1598 | D:3      | Killed Jessica
  1602 | D:3      | Slain by an adder

Vault maps used:
D:1:      mrwooster_arrival_statue
D:2:      uniq_iyjb, uniq_sigmund
D:3:      uniq_jessica, uniq_crazy_yiuf_cottage, uniq_terence

Skill      XL: |  1  2  3 |
---------------+----------+-----
Fire Magic     | 4 |  4.4
Conjurations   | 2 |  2.6
Stealth        | 3 |  3.1
Spellcasting   | 4 |  4.4
Fighting       | |  0.1
Dodging        | |  2.6

Action                   |  1- 3 |  4- 6 || total
-------------------------+-------+-------++-------
Melee: Club              |     2 |       ||     2
 Cast: Flame Tongue      |    61 |    13 ||    74
  Use: Potion            |       |     1 ||     1
  Eat: Chunk             |     1 |     1 ||     2
Armor: Robe              |    10 |     1 ||    11
Dodge: Dodged            |    15 |     1 ||    16
